 Dungeon Crawl Stone Soup version 0.28-a0-503-g83f2989fac (webtiles) character file.

Game seed: 16799287132283625378

3431 meatgazer the Schismatic (level 9, -5/78 HPs)
             Began as a Demonspawn Abyssal Knight on Sept 20, 2021.
             Was an Elder of Lugonu.
             Slain by a death yak (22 damage)
             ... on level 8 of the Dungeon.
             The game lasted 00:23:01 (12540 turns).

meatgazer the Schismatic (DsAK)                    Turns: 12540, Time: 00:23:01

Health: -5/78      AC: 15    Str: 25    XL:     9   Next: 77%
Magic:  16/16      EV: 10    Int: 17    God:    Lugonu [****..]
Gold:   176        SH:  0    Dex: 16    Spells: 8/8 levels left

rFire   . . .      SeeInvis +   a - +5 falchion
rCold   . . .      Faith    .   (no shield)
rNeg    . . .      Spirit   .   t - +2 scale mail "Ryni" {Str+6 Dex-4 SInv}
rPois   .          Reflect  .   (helmet restricted)
rElec   .          Harm     .   d - +2 cloak
rCorr   .          Rampage  .   (no gloves)
Will    .....                   n - +0 pair of boots
Stlth   +.........              (no amulet)
HPRegen 0.23/turn               r - +6 ring of dexterity
MPRegen 0.30/turn               k - +6 ring of intelligence

@: about to teleport
A: horns 2, molten scales 1, foul stench 1, magic regeneration, camouflage 1,
robust 1, strong 1
a: Renounce Religion, Depart the Abyss, Bend Space, Banish, Corrupt


You were on level 8 of the Dungeon.
You worshipped Lugonu.
Lugonu was greatly pleased with you.
You visited 1 branch of the dungeon, and saw 8 of its levels.
You visited the Abyss 1 time.
You also visited: Ossuary.

You collected 428 gold pieces.
You spent 252 gold pieces at shops.

Inventory:

Hand Weapons
 a - a +5 falchion (weapon)
Missiles
 c - a throwing net
Armour
 b - a +0 leather armour
 d - a +2 cloak (worn)
 e - a +2 plate armour of cold resistance
 n - a +0 pair of boots (worn)
 t - the +2 scale mail "Ryni" (worn) {Str+6 Dex-4 SInv}
   (You bought it in a shop on level 3 of the Dungeon)

   Str:       It affects your strength (+6).
   Dex:       It affects your dexterity (-4).
   SInv:      It lets you see invisible.
 u - a +0 buckler
 v - the +2 helmet of the Yeti {Dex+5}
   (You found it on level 7 of the Dungeon)

   Dex:       It affects your dexterity (+5).
Jewellery
 j - a ring of see invisible
 k - a +6 ring of intelligence (right hand)
 r - a +6 ring of dexterity (left hand)
 w - a ring of flight
Wands
 m - a wand of polymorph (6)
 q - a wand of iceblast (9)
Scrolls
 g - 6 scrolls of blinking
 h - a scroll of amnesia
 o - a scroll of teleportation
 p - 3 scrolls of identify
 x - a scroll of immolation {unknown}
 y - a scroll of magic mapping
 C - a scroll of fog {unknown}
 D - a scroll of enchant armour
Potions
 f - a potion of attraction
 i - 3 potions of lignification
 l - a potion of ambrosia
 s - 3 potions of cancellation
 z - a potion of invisibility
 A - a potion of haste
 B - a potion of curing


   Skills:
 + Level 6.9 Fighting
 + Level 6.0 Long Blades
 - Level 4.8 Armour
 - Level 0.8 Dodging
 * Level 4.5 Shields
 + Level 10.6 Invocations


You had 8 spell levels left.
You didn't know any spells.
Your spell library contained the following spells:

 Spells                   Type           Power      Damage    Failure   Level
 Animate Skeleton         Necr           0%         N/A       47%         1
 Pain                     Necr           0%         1d4       47%         1
 Vampiric Draining        Necr           0%         2d6       85%         3
 Airstrike                Air            0%         N/A       99%         4
 Summon Lightning Spire   Summ/Air       0%         N/A       99%         4
 Lightning Bolt           Conj/Air       0%         1d11      100%        5


Dungeon Overview and Level Annotations

Branches:
Dungeon (8/15)             Temple (0/1) D:5         Ossuary (visited)
   Lair: D:8-11

Altars:
Dithmenos
Gozag
Kikubaaqudgha
Okawaru
Ru
Sif Muna
Uskayaw
Xom

Shops:
D:3 [

Annotations:
D:6 1 runed translucent door, varamyr's ghost, novice DjIE


Innate Abilities, Weirdness & Mutations

You have a pair of horns on your head.
You are partially covered in molten scales. (AC +2)
You may rarely emit foul miasma when damaged in melee.
You regenerate magic rapidly.
Your skin changes colour to match your surroundings (Stealth+).
You are robust. (+10% HP)
Your muscles are strong. (Str +2)


Message History

You hit the orc wizard. You headbutt the orc wizard.
The orc wizard is moderately wounded.
The orc wizard closely misses you.
You hit the orc wizard. You headbutt the orc wizard!
The orc wizard is almost dead.
A death yak comes into view.
You hit the death yak. Your headbutt misses the death yak.
The death yak is lightly wounded.
A death yak comes into view.
The death yak bellows!
You hit the death yak but do no damage. You headbutt the death yak!
The death yak is moderately wounded.
The death yak gores you but does no damage. x2
The death yak gores you.
You barely miss the death yak. You headbutt the death yak.
The death yak is moderately wounded.
The death yak gores you.
The orc wizard mumbles some strange words.
The orc wizard flickers and vanishes for a moment.
You hit the death yak.
You headbutt the death yak, but do no damage.
The death yak is moderately wounded.
The death yak gores you!
A death yak comes into view.
The death yak bellows!
You hit the death yak.
You headbutt the death yak, but do no damage.
The death yak is moderately wounded.
The death yak closely misses you.
You hit the death yak. Your headbutt misses the death yak.
The death yak is moderately wounded.
The death yak gores you!!
You hit the death yak.
The death yak is heavily wounded.
The death yak barely misses you.
As you read the scroll of teleportation, it crumbles to dust.
You feel strangely unstable. The death yak gores you!!
* * * LOW HITPOINT WARNING * * *
The death yak gores you!!
You die...

#..# #..# . #..# ##.
#..# #.. #..# #.#
...###..# ####.##
....!Y.o#### ##......
#YYY.#########.......
####@.............<.<
.############.........
............(.........
.#######...(..........
#..............
#.....#........
#...).#.......)
#######........
#........


You could see 4 death yaks and an orc wizard (invisible).

Vanquished Creatures
  A steam dragon (D:6)
  A water moccasin (D:7)
  A black bear (D:6)
  An ice beast (D:6)
  An ogre (D:7)
  2 orc warriors (D:7)
  A necrophage (D:4)
  2 centaurs
  2 kobold brigands (D:7)
  4 elf zombies (Ossuary)
  A gnoll sergeant (D:5)
  2 bullfrogs
  4 scorpions
  5 howler monkeys
  7 centaur zombies
  2 human zombies (Ossuary)
  3 hounds
  4 jellies
  A centaur skeleton (D:7)
  2 orc priests
  2 gnoll shamans (D:5)
  3 iguanas
  4 orc wizards
  2 hound skeletons (D:4)
  3 mummies (Ossuary)
  29 gnolls
  3 howler monkey skeletons
  9 adders
  2 shadow imps (D:7)
  2 dart slugs
  32 orcs
  3 ball pythons
  7 endoplasms
  4 giant cockroaches
  5 hobgoblins
  17 jackals
  5 quokkas
  7 bats
  5 frilled lizards
  10 goblins
  16 kobolds
  3 rats
220 creatures vanquished.

Vanquished Creatures (others)
  2 plants (D:5)
2 creatures vanquished.

Grand Total: 222 creatures vanquished

Notes
Turn   | Place    | Note
-------+----------+-------------------------------------------
     0 | Abyss:1  | meatgazer the Demonspawn Abyssal Knight began the quest for
                  | the Orb.
     0 | Abyss:1  | Reached XP level 1. HP: 18/18 MP: 2/2
   101 | Abyss:3  | Noticed a hellion
   109 | D:1      | Escaped the Abyss
   399 | D:1      | Reached * piety under Lugonu
   514 | D:1      | Gained mutation: You regenerate magic rapidly. [demonic
                  | ancestry]
   514 | D:1      | Reached XP level 2. HP: 24/24 MP: 4/4
   993 | D:1      | Reached skill level 3 in Invocations
  1325 | D:2      | Reached XP level 3. HP: 27/29 MP: 5/5
  2059 | D:3      | Reached ** piety under Lugonu
  2102 | D:3      | Found Menneuw's Antique Armour Boutique.
  2167 | D:3      | Reached XP level 4. HP: 35/35 MP: 6/6
  2169 | D:3      | HP: 1/35 [gnoll (6)]
  2242 | D:3      | Reached skill level 4 in Invocations
  2608 | D:3      | Gained mutation: You are partially covered in molten
                  | scales. (AC +2) [demonic ancestry]
  2608 | D:3      | Reached XP level 5. HP: 25/42 MP: 8/8
  2979 | D:3      | Gained mutation: Your body sometimes deteriorates upon
                  | taking damage. [potion of mutation]
  2979 | D:3      | Gained mutation: Your flesh is heat resistant. (rF+)
                  | [potion of mutation]
  2980 | D:3      | Lost mutation: Your flesh is heat resistant. (rF+) [potion
                  | of mutation]
  2980 | D:3      | Gained mutation: You are frail. (-10% HP) [potion of
                  | mutation]
  2980 | D:3      | Gained mutation: You expend magic power (3 MP) to
                  | strengthen your wands. [potion of mutation]
  3042 | D:3      | Found a faded altar of an unknown god.
  3097 | D:3      | Found a shadowy altar of Dithmenos.
  3103 | D:3      | Found a hide-covered altar of Uskayaw.
  3581 | D:4      | Noticed a necrophage
  3590 | D:4      | Killed a necrophage
  3591 | D:4      | Reached skill level 5 in Invocations
  3591 | D:4      | Reached XP level 6. HP: 41/43 MP: 8/10
  3945 | D:4      | Found a shimmering altar of Xom.
  3946 | D:4      | Found a shimmering blue altar of Sif Muna.
  3946 | D:4      | Found an opulent altar of Gozag.
  3948 | D:4      | Found an iron altar of Okawaru.
  4133 | D:4      | Noticed Duvessa
  4133 | D:4      | Noticed Dowan
  4189 | D:4      | Found a sacrificial altar of Ru.
  4282 | D:4      | Noticed Duvessa
  4282 | D:4      | Duvessa changed into Duvessa the bullfrog
  4288 | D:4      | Killed Duvessa the bullfrog
  4289 | D:4      | Reached skill level 6 in Invocations
  4292 | D:4      | Noticed Dowan
  4292 | D:4      | Dowan changed into Dowan the iguana
  4306 | D:4      | Killed Dowan the iguana
  4949 | D:5      | Entered Level 5 of the Dungeon
  5026 | D:5      | Reached *** piety under Lugonu
  5212 | D:5      | Gained mutation: You may rarely emit foul miasma when
                  | damaged in melee. [demonic ancestry]
  5212 | D:5      | Reached XP level 7. HP: 21/49 MP: 11/11
  6150 | D:5      | Reached skill level 7 in Invocations
  6728 | D:5      | HP: 1/49 [gnoll sergeant (4)]
  6880 | D:5      | Reached skill level 5 in Fighting
  7427 | D:5      | Gained mutation: You have a pair of small horns on your
                  | head. [demonic ancestry]
  7427 | D:5      | Reached XP level 8. HP: 51/55 MP: 13/13
  7430 | D:5      | Reached skill level 8 in Invocations
  7559 | D:5      | Found a staircase to the Ecumenical Temple.
  7568 | D:5      | HP: 1/55 [orc priest/divine providence (7)]
  8847 | D:3      | Bought a topaz-encrusted scale mail for 252 gold pieces
  8847 | D:3      | Identified the +2 scale mail "Ryni" {Str+6 Dex-4 SInv} (You
                  | bought it in a shop on level 3 of the Dungeon)
  9499 | D:6      | Lost mutation: You are frail. (-10% HP) [potion of
                  | mutation]
  9499 | D:6      | Lost mutation: Your body sometimes deteriorates upon taking
                  | damage. [potion of mutation]
  9499 | D:6      | Lost mutation: You expend magic power (3 MP) to strengthen
                  | your wands. [potion of mutation]
  9499 | D:6      | Gained mutation: Your muscles are strong. (Str +2) [potion
                  | of mutation]
  9499 | D:6      | Gained mutation: You are robust. (+10% HP) [potion of
                  | mutation]
  9499 | D:6      | Gained mutation: Your skin changes colour to match your
                  | surroundings (Stealth+). [potion of mutation]
  9636 | D:6      | Reached skill level 9 in Invocations
 10309 | D:6      | Found a runed translucent door.
 10313 | D:6      | Noticed varamyr's ghost (novice DjIE)
 10454 | D:6      | Reached skill level 5 in Long Blades
 10654 | D:7      | Identified the +2 helmet of the Yeti {Dex+5}
 10684 | D:7      | Found an ancient bone altar of Kikubaaqudgha.
 10701 | D:7      | Reached skill level 1 in Shields
 10721 | D:7      | Found a sand-covered staircase.
 10726 | Ossuary  | Entered an ossuary
 11115 | Ossuary  | Gained mutation: You have a pair of horns on your head.
                  | [demonic ancestry]
 11115 | Ossuary  | Reached XP level 9. HP: 75/75 MP: 16/16
 11205 | Ossuary  | Reached **** piety under Lugonu
 11217 | Ossuary  | Reached skill level 10 in Invocations
 12522 | D:8      | Noticed a death yak
 12524 | D:8      | Noticed a death yak
 12529 | D:8      | Noticed a death yak
 12530 | D:8      | Noticed a death yak
 12535 | D:8      | Noticed a death yak
 12540 | D:8      | Slain by a death yak

Illustrated notes

Levels and vault maps discovered:
D:1:      minmay_arrival_checkered_box, layout_loops_ring, serial_aquarium,
          aquarium_bridge_square [aquarium_subvault_balcony,
          aquarium_subvault_window, aquarium_subvault_bridge,
          aquarium_subvault_bridge], aquarium_bridge_long_joined
          [aquarium_subvault_balcony, aquarium_subvault_window,
          aquarium_subvault_wall, aquarium_subvault_wall,
          aquarium_subvault_bridge, aquarium_subvault_window],
          aquarium_window_2, aquarium_window_2, aquarium_window_1,
          aquarium_view_2d
D:2:      layout_basic
D:3:      layout_rooms, amethyst_overflow_temple_binary, basic_ecumenical_altar,
          serial_shops, shop, minmay_misc_feat_iff, kennysheep_generic_room_4
D:4:      layout_gridville, mainiacjoe_overflow_six_doors_small,
          chequers_temple_overflow_statue_of_worship, uniq_duvessa
D:5:      lemuel_castle_with_subvaults [lemuel_castle_interior_carwin_1],
          layout_cave_pods, minmay_temple_entry_proselytizer,
          serial_co_window_serial, co_window_corner_a, co_window_corner_a,
          co_window_paths_a, co_window_corner_a, co_window_corner_a,
          co_window_corner_b, co_window_corner_b, co_window_corner_b,
          co_window_2corner, co_window_corner_cb, co_window_paths_c,
          glass_columns_c, glass_columns_a, glass_columns_b
D:6:      layout_cave_pods, ebering_ghost_reflecting_pool, nicolae_benzene_ring
D:7:      layout_cave_pools, lemuel_tele_altar, enter_ossuary_2, minivault_27
D:8:      layout_rooms, jmf_multi_god_temple2, dpeg_lair_monsters, uniq_psyche,
          uniq_joseph

Skill      XL: |  1  2  3  4  5  6  7  8  9 |
---------------+----------------------------+-----
Long Blades    | 2 3 4 5 6 |  6.0
Armour         | 2 3 4 |  4.8
Invocations    | 3 4 5 6 7 9 10 | 10.6
Fighting       | 4 5 6 |  6.9
Shields        | 1 4 |  4.5
Dodging        | |  0.8

Action                   |  1- 3 |  4- 6 |  7- 9 || total
-------------------------+-------+-------+-------++-------
Melee: Falchion          |   104 |   165 |   420 ||   689
       Headbutt          |       |       |    90 ||    90
Invok: Depart the Abyss  |     1 |       |       ||     1
       Bend Space        |       |     1 |       ||     1
       Banish            |       |       |     5 ||     5
Evoke: Wand              |       |     4 |       ||     4
  Use: Scroll            |     7 |     7 |     9 ||    23
       Potion            |       |     6 |     3 ||     9
 Stab: Sleeping          |     1 |       |       ||     1
Armor: Leather armour    |    39 |    77 |    95 ||   211
       Scale mail        |       |       |   179 ||   179
Dodge: Dodged            |    72 |   122 |   287 ||   481

Table legend: (Time is in decaauts)
 A = Elapsed time spent in this place.
 B = Non-inter-level travel time spent in this place.
 C = Inter-level travel time spent in this place.
 D = Time resting spent in this place.
 E = Time spent auto-exploring this place.
 F = Levels seen in this place.
 G = Mean time per level.
                   A        B        C        D        E       F      G
               +--------+--------+--------+--------+--------+-----+--------+
         Total |  12607 |  12195 |    412 |   4732 |   5736 |  12 | 1050.6 |
       Dungeon |  11886 |  11474 |    412 |   4400 |   5523 |   8 | 1485.8 |
         Abyss |    108 |    108 |      0 |      0 |     44 |   3 |   36.0 |
       Ossuary |    612 |    612 |      0 |    332 |    169 |   1 |  612.0 |
               +--------+--------+--------+--------+--------+-----+--------+

Top non-repeatable levels by time:
     D:5: 3932 daAuts
     D:4: 1823 daAuts
     D:6: 1683 daAuts
     D:1: 1184 daAuts
     D:7: 1140 daAuts
     D:3: 1055 daAuts
     D:2: 923 daAuts
 Ossuary: 612 daAuts
     D:8: 143 daAuts
 Abyss:3: 42 daAuts
 Abyss:2: 40 daAuts
 Abyss:1: 25 daAuts
